 Dungeon Crawl Stone Soup version 0.23-a0-890-gc183402 (webtiles) character file.

Game seed: 9905317297324431007

295 galech the Skirmisher (level 6, -3/48 HPs)
             Began as a Demonspawn Fighter on Jan 28, 2019.
             Slain by an ogre
             ... wielding a +0 giant club
              (11 damage)
             ... on level 4 of the Dungeon.
             The game lasted 00:03:13 (3249 turns).

galech the Skirmisher (Demonspawn Fighter)          Turns: 3249, Time: 00:03:15

Health: -3/48      AC: 12    Str: 16    XL:     6   Next: 11%
Magic:  6/6        EV:  5    Int:  9    God:
Gold:   194        SH:  9    Dex: 15    Spells: 5/5 levels left

rFire    . . .     SeeInvis .   t - +0 hand axe (venom)
rCold    + . .     Gourm    .   c - +0 shield
rNeg     . . .     Faith    .   p - +0 chain mail {rC+}
rPois    .         Spirit   .   (no helmet)
rElec    .         Reflect  .   (no cloak)
rCorr    .         Harm     .   (no gloves)
MR       .....                  r - +0 pair of boots (curse)
Stlth    ..........             (no amulet)
HPRegen  0.16/turn              (no ring)
MPRegen  0.10/turn              (no ring)

@: no status effects
A: hooves 1, molten scales 1
a: no special abilities


You were on level 4 of the Dungeon.
You were not hungry.

You visited 1 branch of the dungeon, and saw 4 of its levels.

You collected 194 gold pieces.

Inventory:

Hand Weapons
 a - a +0 war axe
 t - a +0 hand axe of venom (weapon)
Armour
 b - a +0 scale mail
 c - a +0 shield (worn)
 p - a +0 chain mail of cold resistance (worn)
 r - a cursed +0 pair of boots (worn)
 u - a +0 plate armour
Scrolls
 e - 3 scrolls of enchant weapon {unknown}
 i - a scroll of immolation {unknown}
 k - 2 scrolls of teleportation {unknown}
 l - 2 scrolls of remove curse {unknown}
 n - 3 scrolls of identify {unknown}
 q - a scroll of magic mapping {unknown}
 s - a scroll of blinking {unknown}
Potions
 d - a potion of might
 g - a potion of berserk rage {unknown}
 h - a potion of brilliance
 j - a potion of curing
 m - a potion of agility
 v - a potion of lignification {unknown}
Comestibles
 f - 8 rations
 o - a chunk of flesh


   Skills:
 + Level 4.0 Fighting
 + Level 3.9 Axes
 + Level 3.5 Armour
 + Level 0.9 Dodging
 + Level 0.5 Stealth
 + Level 3.5 Shields


You had 5 spell levels left.
You didn't know any spells.
Your spell library was empty.

Dungeon Overview and Level Annotations

Branches:
Dungeon (4/15)
 Temple: D:4-7

Altars:
Fedhas
Uskayaw


Innate Abilities, Weirdness & Mutations

You have large cloven feet.
You are partially covered in molten scales. (AC +2)


Message History

You hit the ogre.
The ogre looks as sick as possible!
The ogre is moderately wounded.
You completely miss the adder.
You hit the worker ant but do no damage.
You completely miss the bullfrog skeleton.
You kill the adder!
Your Fighting skill increases to level 4!
You block the ogre's attack.
The orc wizard mumbles some strange words.
The orc wizard blinks!
The bullfrog skeleton hits you but does no damage.
The worker ant bites you.
* * * LOW HITPOINT WARNING * * *
You hit the ogre but do no damage.
The ogre looks as sick as possible!
The ogre is heavily wounded.
You barely miss the bullfrog skeleton. You hit the worker ant.
The worker ant is poisoned.
The bullfrog skeleton hits you but does no damage.
The ogre hits you with a +0 giant club!
You die...

.#### #.. ...... .... ...%..#
###... ....{.. ..... ....o..##...#
# ...........###..
........a......## .......Z@#..<...$
.....<.O......... ..........###..#
### .##.###.......#
##8#######8##...#### ###.
##...##โ‰ˆ##...##....###.....
#_.#..'.'..#._#.##..##.##.# .
##...##.##...##........##.# ..
##8##โ‰ˆรทโ‰ˆ##8##.........##.###..


You could see an ogre, a worker ant, an orc and a bullfrog skeleton.

Vanquished Creatures
  An orc priest (D:3)
  2 worker ants
  A hound zombie (D:3)
  3 gnolls
  10 adders
  2 oozes
  2 worms
  A dart slug (D:2)
  4 leopard geckos
  4 orcs (D:3)
  4 giant cockroaches
  6 goblins
  7 hobgoblins
  A quokka (D:2)
  5 bats
  5 frilled lizards
  5 kobolds
  9 rats
72 creatures vanquished.

Notes
Turn   | Place    | Note
-------+----------+-------------------------------------------
     0 | D:1      | galech the Demonspawn Fighter began the quest for the Orb.
     0 | D:1      | Reached XP level 1. HP: 18/18 MP: 1/1
   178 | D:1      | Gained mutation: You are partially covered in molten
                  | scales. (AC +2) [demonic ancestry]
   178 | D:1      | Reached XP level 2. HP: 24/24 MP: 2/2
   782 | D:2      | Reached XP level 3. HP: 24/29 MP: 3/3
  1535 | D:3      | Reached XP level 4. HP: 34/35 MP: 4/4
  2136 | D:3      | Reached XP level 5. HP: 25/41 MP: 5/5
  3204 | D:4      | Found a hide-covered altar of Uskayaw.
  3216 | D:4      | Found a blossoming altar of Fedhas.
  3239 | D:4      | Noticed an ogre
  3246 | D:4      | Noticed a sky beast
  3247 | D:4      | Gained mutation: You have large cloven feet. [demonic
                  | ancestry]
  3247 | D:4      | Reached XP level 6. HP: 34/48 MP: 6/6
  3248 | D:4      | Reached skill level 4 in Fighting
  3249 | D:4      | Slain by an ogre

Vault maps used:
D:1:      saegor_arrival_simple_a, minivault_11
D:3:      first_ration, grunt_decor_one_mirror
D:4:      amethyst_overflow_temple_binary, kennysheep_slug_shrine

Skill      XL: |  1  2  3  4  5  6 |
---------------+-------------------+-----
Shields        | 3 |  3.5
Axes           | 2 3 |  3.9
Armour         | 3 |  3.5
Fighting       | 4 |  4.0
Dodging        | |  0.9
Stealth        | |  0.5

Action                   |  1- 3 |  4- 6 || total
-------------------------+-------+-------++-------
Melee: War axe           |   151 |    29 ||   180
       Hand axe          |       |    63 ||    63
  Use: Potion            |       |     6 ||     6
  Eat: Chunk             |     2 |     6 ||     8
Armor: Scale mail        |    59 |       ||    59
       Chain mail        |    15 |    81 ||    96
Dodge: Dodged            |    39 |    19 ||    58
Block: Shield            |    65 |    69 ||   134

Table legend:
 A = Non-vault XP
 B = Vault XP
 C = Vault XP percentage of total XP
 D = Non-vault monster count
 E = Vault monster count
 F = Vault count percentage of total count
                 A         B        C        D         E       F
            +---------+---------+-------+---------+---------+-------
      Total |     422 |       0 |   0.0 |      72 |       0 |   0.0
            +---------+---------+-------+---------+---------+-------
        D:1 |      29 |       0 |   0.0 |      15 |       0 |   0.0
        D:2 |      66 |       0 |   0.0 |      26 |       0 |   0.0
        D:3 |     250 |       0 |   0.0 |      26 |       0 |   0.0
        D:4 |      77 |       0 |   0.0 |       5 |       0 |   0.0
            +---------+---------+-------+---------+---------+-------
